 Dungeon Crawl Stone Soup version 0.28-a0-773-g130ae17fe5 (webtiles) character file.

Game seed: 15424593472858992617

7004 siradein the Magician (level 10, -3/86 HPs)
             Began as a Purple Draconian Transmuter on Nov 2, 2021.
             Was a Follower of Wu Jian.
             Slain by a gnoll sergeant (13 damage)
             ... in a bailey.
             The game lasted 01:17:34 (16185 turns).

siradein the Magician (DrTm)                       Turns: 16185, Time: 01:17:34

Health: -3/86      AC:  8    Str: 12    XL:     10   Next: 82%
Magic:  16/21      EV: 14    Int: 16    God:    Wu Jian [*.....]
Gold:   426        SH:  0    Dex: 13    Spells: 9/24 levels left

rFire   . . .      SeeInvis .     - Unarmed
rCold   . . .      Faith    .   (shield currently unavailable)
rNeg    . . .      Spirit   .   (armour unavailable)
rPois   .          Reflect  .   (helmet restricted)
rElec   .          Harm     .   (no cloak)
rCorr   .          Rampage  .   (gloves currently unavailable)
Will    +....                   e - +0 pair of boots
Stlth   +.........              (no amulet)
HPRegen 0.24/turn               j - ring of flight
MPRegen 0.17/turn               (no ring)

@: blade hands, wereblooded, flying
A: breathe power, AC +7, unfitting armour, cold-blooded
a: Breathe Dispelling Energy, End Transformation, Renounce Religion


You were in a bailey.
You worshipped Wu Jian.
Wu Jian was aware of your devotion.
You had blades for hands.
You visited 2 branches of the dungeon, and saw 11 of its levels.
You also visited: Ossuary and Bailey.

You collected 426 gold pieces.

Inventory:

Hand Weapons
 s - the +6 falchion of Evolution {vorpal, rC+}
   (You took it off an orc on level 6 of the Dungeon)

   It inflicts extra damage upon your enemies.
   rC:        It protects you from cold.
Armour
 e - a +0 pair of boots (worn)
 y - a +2 pair of gloves (melded)
Jewellery
 j - a ring of flight (left blade hand)
Wands
 a - a wand of mindburst (11)
 g - a wand of flame (24)
 r - a wand of charming (3)
Scrolls
 h - 6 scrolls of teleportation
 k - 2 scrolls of enchant armour {unknown}
 n - a scroll of vulnerability {unknown}
 u - a scroll of enchant weapon {unknown}
 v - 2 scrolls of amnesia {unknown}
 w - a scroll of fog {unknown}
Potions
 b - 4 potions of lignification
 d - 5 potions of curing
 i - a potion of haste {unknown}
 l - 3 potions of might
 o - 2 potions of resistance
 p - a potion of berserk rage {unknown}
 q - a potion of ambrosia {unknown}
 t - a potion of invisibility {unknown}
 x - a potion of attraction {unknown}


   Skills:
 + Level 7.2 Fighting
 - Level 4.4 Long Blades
 + Level 6.4 Dodging
 + Level 7.1 Unarmed Combat
 + Level 7.7 Spellcasting
 + Level 6.9 Transmutations
 + Level 1.7 Ice Magic
 + Level 1.6 Poison Magic
 + Level 5.7 Evocations


You had 9 spell levels left.
You knew the following spells:

 Your Spells              Type           Power      Damage    Failure   Level
a - Beastly Appendage     Tmut           56%        N/A       13%         1
b - Wereblood             Tmut           28%        N/A       16%         2
c - Spider Form           Tmut/Pois      19%        N/A       36%         3
d - Ice Form              Ice/Tmut       20%        N/A       61%         4
e - Blade Hands           Tmut           14%        N/A       61%         5

Your spell library contained the following spells:

 Spells                   Type           Power      Damage    Failure   Level
 Animate Skeleton         Necr           12%        N/A       50%         1
 Pain                     Necr           24%        1d5       50%         1
 Slow                     Hex            24%        N/A       50%         1
 Confusing Touch          Hex            6%         N/A       77%         3
 Dazzling Flash           Conj/Hex       12%        N/A       77%         3
 Tukima's Dance           Hex            6%         N/A       77%         3
 Vampiric Draining        Necr           6%         2d6       77%         3
 Yara's Violent Unravell  Hex/Tmut       8%         3d5       92%         5
 Iskenderun's Mystic Bla  Conj/Tloc      6%         2d4       97%         4
 Passage of Golubria      Tloc           6%         N/A       97%         4
 Iron Shot                Conj/Erth      3%         9d2       100%        6
 Starburst                Conj/Fire      3%         6d3       100%        6
 Animate Armour           Summ/Erth      Unusable   N/A       N/A         4

Dungeon Overview and Level Annotations

Branches:
Dungeon (10/15)            Temple (1/1) D:7            Lair (0/6) D:9
Ossuary (visited)          Bailey (1/1)
    Orc: D:9-12

Altars:
Ashenzari
Cheibriados
Dithmenos
Elyvilon
Fedhas
Gozag
Hepliaklqana
Kikubaaqudgha
Makhleb
Nemelex Xobeh
Okawaru
Qazlal
Ru
Sif Muna
Trog
Uskayaw
Vehumet
Wu Jian
Xom
Yredelemnul
Zin
The Shining One

Annotations:
D:5 2 transporters
D:8 3 runed translucent doors, ytrimaz's ghost, novice DsGl


Innate Abilities, Weirdness & Mutations

You have blades for hands.
Your spellcasting is less reliable in this form.
You are incapable of wielding weapons or throwing items.
You can breathe bolts of dispelling energy.
Your rich purple scales are hard. (AC +7)
You cannot fit into any form of body armour.
You are cold-blooded and may be slowed by cold attacks.


Message History

The gnoll hits you with a +0 spear.
The gnoll hits you from afar with a +0 halberd!
The gnoll hits you but does no damage.
The gnoll hits you from afar with a +0 halberd.
The gnoll shaman barely misses you.
You struggle against the net.
The gnoll hits you with a +0 spear. The gnoll barely misses you.
The gnoll misses you.
The gnoll hits you from afar with a +0 halberd!
The gnoll shaman hits you from afar with a +0 halberd.
The gnoll sergeant hits you with a +0 halberd!
You struggle against the net.
The gnoll hits you but does no damage.
The gnoll hits you from afar with a +0 halberd.
The gnoll hits you from afar with a +0 trident!
* * * LOW HITPOINT WARNING * * *
The gnoll hits you from afar with a +0 halberd.
* * * LOW HITPOINT WARNING * * *
The gnoll shaman barely misses you.
The gnoll sergeant hits you with a +0 halberd.
* * * LOW HITPOINT WARNING * * *
You rip the net and break free!
The gnoll barely misses you. x2
The gnoll hits you from afar with a +0 trident.
* * * LOW HITPOINT WARNING * * *
The gnoll closely misses you. The gnoll shaman closely misses you.
The gnoll sergeant hits you with a +0 halberd.
* * * LOW HITPOINT WARNING * * *
You feel much better. The gnoll closely misses you.
The gnoll hits you from afar with a +0 halberd.
The gnoll closely misses you. The gnoll barely misses you.
The gnoll shaman closely misses you.
The gnoll sergeant hits you with a +0 halberd.
You slice the gnoll sergeant!!
The gnoll sergeant is almost dead.
The gnoll hits you with a +0 spear. The gnoll closely misses you.
The gnoll hits you from afar with a +0 trident!
* * * LOW HITPOINT WARNING * * *
The gnoll hits you from afar with a +0 halberd!
* * * LOW HITPOINT WARNING * * *
The gnoll shaman closely misses you.
The gnoll sergeant hits you from afar with a +0 halberd!
You die...

..≈≈♣♣ #..≈.♣ #..≈.♣♣
#..≈..♣♣ #### #..≈...♣
##...# #..≈...♣
#.....######..≈...♣♣
...$.gg#...'...)...♣♣♣#
...8.gg'@..'...)..∩..∩#
...$.g.#...'.......♣♣♣#
#....g######..≈...♣♣
##...# #..≈..♣♣ ####
#..≈..♣ #..≈..♣ #..≈.♣♣
#..≈.♣


You could see a gnoll sergeant, a gnoll shaman and 4 gnolls.

Vanquished Creatures
  2 death yaks (D:9)
  A hornet (D:9)
  4 slime creatures
  6 yaks (D:9)
  A wraith (D:9)
  2 wyverns
  A water moccasin (D:9)
  2 orc warriors
  A hornet zombie (D:8)
  An ogre (D:6)
  2 necrophages
  A phantom (D:6)
  3 centaurs
  3 kobold brigands
  The ghost of bellsore the Digger, an amateur GrEE (D:3)
  A water moccasin zombie (D:6)
  3 bullfrogs
  2 scorpions
  3 gnoll sergeants
  9 wights (D:7)
  A howler monkey (D:5)
  5 hounds
  A human zombie (Ossuary)
  A bullfrog zombie (D:6)
  A centaur zombie (Ossuary)
  2 bullfrog skeletons
  5 orc priests
  3 jellies
  Jessica (D:2)
  A gnoll shaman (D:9)
  2 hell rats (D:9)
  3 iguanas
  6 orc wizards
  A hound skeleton (D:4)
  5 mummies
  25 gnolls
  7 adders
  3 white imps
  3 ufetubi
  4 worms
  3 dart slugs
  The ghost of willcat the Sneak, a weakling DEDe (D:5)
  24 orcs
  8 ball pythons
  6 bats
  6 endoplasms
  A giant cockroach (D:2)
  10 goblins
  8 hobgoblins
  9 quokkas
  2 frilled lizards
  3 goblin zombies (Ossuary)
  A hobgoblin zombie (Ossuary)
  19 kobolds
  2 orc zombies (Ossuary)
  6 rats
238 creatures vanquished.

Vanquished Creatures (others)
  2 fungi (D:2)
  A plant (D:2)
3 creatures vanquished.

Grand Total: 241 creatures vanquished

Notes
Turn   | Place    | Note
-------+----------+-------------------------------------------
     0 | D:1      | siradein the Draconian Transmuter began the quest for the
                  | Orb.
     0 | D:1      | Reached XP level 1. HP: 16/16 MP: 3/3
   228 | D:1      | Reached XP level 2. HP: 19/23 MP: 5/5
   714 | D:1      | Learned a level 2 spell: Wereblood
   761 | D:1      | Reached XP level 3. HP: 24/29 MP: 4/6
  1265 | D:1      | Learned a level 3 spell: Spider Form
  1661 | D:2      | Found a shimmering blue altar of Sif Muna.
  1709 | D:2      | Found a faded altar of an unknown god.
  1758 | D:2      | Noticed Jessica
  1769 | D:2      | Killed Jessica
  1770 | D:2      | Reached XP level 4. HP: 22/36 MP: 5/7
  3016 | D:3      | Found a runed translucent gate.
  3271 | D:3      | Found a runed translucent gate.
  3274 | D:3      | Found a runed translucent gate.
  3274 | D:3      | Noticed bellsore's ghost (amateur GrEE)
  3420 | D:3      | Reached XP level 5. HP: 42/42 MP: 9/9
  4288 | D:4      | Found a blossoming altar of Fedhas.
  4319 | D:4      | Noticed a wyvern
  4327 | D:4      | Killed a wyvern
  4328 | D:4      | Reached XP level 6. HP: 18/51 MP: 6/10
  4525 | D:4      | Found a glowing silver altar of Zin.
  4592 | D:4      | Found a glowing golden altar of the Shining One.
  4730 | D:4      | Found a broken altar of Ashenzari.
  4953 | D:5      | Entered Level 5 of the Dungeon
  5029 | D:4      | Your scales start taking on a rich purple colour.
  5029 | D:4      | Reached XP level 7. HP: 32/57 MP: 10/13
  5405 | D:5      | Found a runed translucent door.
  5581 | D:5      | Noticed willcat's ghost (weakling DEDe)
  5585 | D:5      | Found a transporter.
  5798 | D:5      | Learned a level 4 spell: Ice Form
  5825 | D:5      | Found a transporter.
  6116 | D:4      | Reached skill level 1 in Evocations
  6509 | D:5      | Killed willcat's ghost
  6582 | D:5      | Reached skill level 5 in Spellcasting
  6582 | D:5      | Reached XP level 8. HP: 56/67 MP: 12/15
  6593 | D:5      | Reached skill level 5 in Unarmed Combat
  7146 | D:6      | Identified the +6 falchion of Evolution {vorpal, rC+}
  7294 | D:6      | Reached skill level 5 in Fighting
  7295 | D:6      | Reached skill level 5 in Transmutations
  7453 | D:6      | Reached skill level 1 in Long Blades
  8095 | D:7      | Reached XP level 9. HP: 41/71 MP: 17/17
  8236 | D:7      | Found a sand-covered staircase.
  8294 | Ossuary  | Entered an ossuary
  8669 | D:7      | Reached skill level 5 in Dodging
  9059 | D:7      | Found a staircase to the Ecumenical Temple.
  9622 | Temple   | Entered the Ecumenical Temple
  9686 | Temple   | Became a worshipper of the Wu Jian Council
  9712 | D:8      | Found a runed translucent gate.
  9712 | D:8      | Found a runed translucent gate.
  9714 | D:8      | Found a runed translucent gate.
  9715 | D:8      | Found an opulent altar of Gozag.
  9716 | D:8      | Noticed ytrimaz's ghost (novice DsGl)
 11204 | D:3      | Killed bellsore's ghost
 11876 | D:9      | Noticed a death yak
 11876 | D:9      | Noticed a two-headed ogre
 13114 | D:7      | Reached XP level 10. HP: 20/84 MP: 18/20
 13432 | D:9      | Found a staircase to the Lair.
 13492 | D:9      | Reached * piety under Wu Jian
 13736 | D:9      | Reached skill level 5 in Evocations
 13991 | D:9      | Learned a level 5 spell: Blade Hands
 14260 | D:9      | Found a hide-covered altar of Uskayaw.
 14400 | D:9      | Found a sparkling altar of Nemelex Xobeh.
 14412 | D:9      | Noticed a death yak
 14435 | D:9      | Noticed a death yak
 14452 | D:9      | Killed a death yak
 14453 | D:9      | Reached skill level 1 in Ice Magic
 14453 | D:9      | Reached skill level 1 in Poison Magic
 14956 | D:9      | Killed a death yak
 16032 | D:10     | Entered Level 10 of the Dungeon
 16046 | D:10     | Found a flagged portal.
 16087 | Bailey   | Entered a bailey
 16185 | Bailey   | Slain by a gnoll sergeant

Illustrated notes

Levels and vault maps discovered:
D:1:      mrwooster_arrival_statue_2, layout_basic, minmay_3d_cube
D:2:      layout_loops_cross, basic_altar, shapermc_ecumenical_altar_acropolis,
          minmay_fountain_box, kennysheep_jessica_study
D:3:      layout_basic, ebering_ghost_rock_garden
D:4:      layout_cave_pools, evilmike_ruin_ashenzari,
          mainiacjoe_overflow_small_starburst,
          mainiacjoe_overflow_catwalk_spiral, chequers_serial_rivers_micro_e
D:5:      gammafunk_steamed_eel, layout_basic, ebering_ghost_sewer_d,
          corexii_checkpoint_a
D:6:      layout_loops_ring, grunt_ministairs_11
D:7:      layout_rooms, minmay_temple_entry_ruins, gup_ossuary_entry_pyramid
D:8:      layout_basic, ebering_ghost_gozag
D:9:      layout_roguey, nemelex_diamond_rough_becter,
          lemuel_coloured_pillars_altar, dpeg_lair_monsters,
          kennysheep_windowed_goal
D:10:     layout_basic, enter_bailey_7, serial_shops, kennysheep_mini,
          minmay_liquid_box, minivault_16
Temple:   nicolae_temple_x_marks_the_god
Bailey:   bailey_polearm_gnolls_kennysheep, bailey

Skill      XL: |  1  2  3  4  5  6  7  8  9 10 |
---------------+-------------------------------+-----
Dodging        | 2 3 4 5 6 |  6.4
Fighting       | 2 3 4 5 6 7 |  7.2
Transmutations | 3 4 5 6 |  6.9
Spellcasting   | 3 4 5 6 7 |  7.7
Unarmed Combat | 4 5 6 7 |  7.1
Evocations     | 1 3 4 5 |  5.7
Long Blades    | 1 3 4 |  4.4
Ice Magic      | 1 |  1.7
Poison Magic   | 1 |  1.6

Action                   |  1- 3 |  4- 6 |  7- 9 | 10-12 || total
-------------------------+-------+-------+-------+-------++-------
Melee: Unarmed           |   116 |   168 |   222 |    74 ||   580
       Kick              |    16 |    27 |    90 |    14 ||   147
       Headbutt          |    15 |    15 |    71 |    10 ||   111
       Tailslap          |    10 |    21 |    52 |    17 ||   100
       Punch             |     4 |     2 |     8 |     1 ||    15
       Falchion          |       |       |   241 |    76 ||   317
 Cast: Beastly Appendage |    25 |    26 |    51 |     9 ||   111
       Wereblood         |       |     4 |    15 |     9 ||    28
       Spider Form       |       |     1 |     5 |     9 ||    15
       Blade Hands       |       |       |       |     4 ||     4
Invok: Lunge             |       |       |     4 |     9 ||    13
       Whirlwind         |       |       |       |    10 ||    10
 Abil: Breathe Dispellin |       |       |    11 |     4 ||    15
  Use: Scroll            |       |       |     8 |     1 ||     9
       Potion            |       |       |       |     1 ||     1
 Stab: Sleeping          |       |       |     1 |       ||     1
Armor: Skin              |    53 |    48 |   141 |    34 ||   276
Dodge: Dodged            |    87 |   129 |   305 |   123 ||   644

Table legend: (Time is in decaauts)
 A = Elapsed time spent in this place.
 B = Non-inter-level travel time spent in this place.
 C = Inter-level travel time spent in this place.
 D = Time resting spent in this place.
 E = Time spent auto-exploring this place.
 F = Levels seen in this place.
 G = Mean time per level.
                   A        B        C        D        E       F      G
               +--------+--------+--------+--------+--------+-----+--------+
         Total |  16236 |  15829 |    407 |   2646 |   9197 |  13 | 1248.9 |
       Dungeon |  15719 |  15312 |    407 |   2646 |   8835 |  10 | 1571.9 |
        Temple |     70 |     70 |      0 |      0 |     46 |   1 |   70.0 |
       Ossuary |    349 |    349 |      0 |      0 |    246 |   1 |  349.0 |
        Bailey |     96 |     96 |      0 |      0 |     70 |   1 |   96.0 |
               +--------+--------+--------+--------+--------+-----+--------+

Top non-repeatable levels by time:
     D:8: 2685 daAuts
     D:9: 2235 daAuts
     D:7: 2152 daAuts
     D:6: 1643 daAuts
     D:4: 1545 daAuts
     D:1: 1498 daAuts
     D:3: 1451 daAuts
     D:5: 1353 daAuts
     D:2: 1100 daAuts
 Ossuary: 349 daAuts
  Bailey: 96 daAuts
  Temple: 70 daAuts
    D:10: 53 daAuts
